 Dungeon Sprint DCSS version 0.19.1-1-g22dce08 (webtiles) character file.

1 lorenzova the Conjurer (level 1, -10/10 HPs)
             Began as a Deep Elf Conjurer on Jan 3, 2017.
             Was an Initiate of Vehumet.
             Killed from afar by an eidolon (20 damage)
             ... with a bolt of negative energy
             ... in the Dungeon (Sprint VII: "The Pits").
             The game lasted 00:00:51 (155 turns).

lorenzova the Conjurer (Deep Elf Conjurer)           Turns: 155, Time: 00:00:51

Health: -10/10     AC:  2    Str:  5    XL:     1   Next: 16%
Magic:  7/7        EV: 12    Int: 19    God:    Vehumet [......]
Gold:   0          SH:  0    Dex: 15    Spells: 1 memorised, 6 levels left

rFire  . . .     SeeInvis .     (no weapon)
rCold  . . .     Gourm    .     a - +0 robe
rNeg   . . .     Faith    .     (no shield)
rPois  .         Spirit   .     (no helmet)
rElec  .         Reflect  .     (no cloak)
rCorr  .         Harm     .     (no gloves)
MR     .....     NoTele   +     (no boots)
Stlth  ++........               (no amulet)
                                (no ring)
                                (no ring)

@: drained
A: no striking features
a: Renounce Religion


You were in the Dungeon.
You worshipped Vehumet.
Vehumet was noncommittal.
You were not hungry.

You visited 1 branch

Inventory:

Hand Weapons
 j - a +2 falchion
Armour
 a - a +0 robe (worn)
Scrolls
 i - a scroll of blinking
 l - 3 scrolls of remove curse
 m - 5 scrolls of amnesia
 n - a scroll of summoning
Potions
 d - a potion of curing
 e - a potion of heal wounds
 f - a potion of haste
 g - 4 potions of magic
 h - 3 potions of berserk rage
 k - 2 potions of invisibility
Books
 b - a book of Conjurations

   Spells                             Type                      Level
   a - Magic Dart                     Conjuration                  1
   b - Searing Ray                    Conjuration                  2
   c - Dazzling Spray                 Conjuration/Hexes            3
   d - Fulminant Prism                Conjuration/Hexes            4
   e - Iskenderun's Mystic Blast      Conjuration                  4
   f - Iskenderun's Battlesphere      Conjuration/Charms           5
Comestibles
 c - 8 bread rations
 o - 40 fruits
 p - 7 meat rations


   Skills:
 - Level 2.4(1.9) Dodging
 - Level 2.4(1.9) Stealth
 + Level 3.5(2.9) Spellcasting
 + Level 4.7(4.2) Conjurations


You had 6 spell levels left.
You knew the following spells:

 Your Spells              Type           Power        Failure   Level  Hunger
a - Magic Dart            Conj           ###.         3%          1    None


Dungeon Overview and Level Annotations

Branches:
Dungeon (1/1)

Altars:
Cheibriados
Dithmenos
Elyvilon
Fedhas
Gozag
Hepliaklqana
Kikubaaqudgha
Nemelex Xobeh
Okawaru
Qazlal
Ru
Sif Muna
Trog
Uskayaw
Vehumet
Zin
The Shining One
Jiyva


Message History

A floating eye and a worker ant come into view.
There is an open door here.
You close the door.
There is an open door to the Storerooms (Easy) here.
Things that are here:
a dagger; a goblin corpse You open the huge gate.
There is a huge open gate to the Grid Vault (Hard) here.
There is a huge open gate to the Grid Vault (Hard) here.
You open the door.
A hippogriff, a quasit and an eidolon come into view.
The hippogriff screeches!
The eidolon gives a chilling moan.
Found a +1 buckler of protection.
A guardian serpent comes into view.
You close the door.
Something unseen opens the door.
The eidolon stares piercingly at you. The bolt of negative energy hits you!
You feel drained.
Ouch! That really hurt!
You die...

#..################..# #..#
#S# #..# #..# #H# #..# #..#
#W# #..# #..# #5# #..#
#..##.# #..#
#..#H##############..#
########....................#
______##.....W..@...........#
______###########''##########
#####'###########''######
#).)#.##................#
')))'.##......#..#......#
#####.##................+
.......)................+
##+#####......#..#......#
a..# #................#


You could see an eidolon and a hippogriff.

Vanquished Creatures
  A goblin (D)
1 creature vanquished.

Notes
Turn   | Place    | Note
-------+----------+-------------------------------------------
     0 | D        | lorenzova the Deep Elf Conjurer began the quest for the Orb.
     0 | D        | Reached XP level 1. HP: 10/10 MP: 6/6
    67 | D        | Found a radiant altar of Vehumet.
    67 | D        | Found a hide-covered altar of Uskayaw.
    67 | D        | Found an ancient bone altar of Kikubaaqudgha.
    67 | D        | Found a viscous altar of Jiyva.
    67 | D        | Found a hazy altar of Hepliaklqana.
    68 | D        | Found a bloodstained altar of Trog.
    68 | D        | Found a deep blue altar of Sif Muna.
    68 | D        | Found a sacrificial altar of Ru.
    68 | D        | Found a stormy altar of Qazlal.
    68 | D        | Found an iron altar of Okawaru.
    68 | D        | Found a sparkling altar of Nemelex Xobeh.
    68 | D        | Found an opulent altar of Gozag.
    68 | D        | Found a blossoming altar of Fedhas.
    68 | D        | Found a white marble altar of Elyvilon.
    68 | D        | Found a shadowy altar of Dithmenos.
    68 | D        | Found a snail-covered altar of Cheibriados.
    69 | D        | Found a glowing golden altar of the Shining One.
    69 | D        | Found a glowing silver altar of Zin.
    70 | D        | Became a worshipper of Vehumet
    84 | D        | Noticed a worker ant
    84 | D        | Noticed a floating eye
   148 | D        | Noticed a hippogriff
   148 | D        | Noticed an eidolon
   148 | D        | Noticed a quasit
   149 | D        | Noticed a guardian serpent
   155 | D        | Killed from afar by an eidolon

Action                   || total
-------------------------++-------
 Cast: Magic Dart        ||     2
